[Event "Titled Tuesday Blitz June 20 Early 2023"]
[White "Freile Martin, Javier"]
[Black "campochess"]
[WhiteFideId "3600165"]
[WhiteElo "2320"]
[BlackElo "2172"]
[Result "1/2-1/2"]
[Round "10"]
[TimeControl "180+2"]
[Date "2023.06.20"]
[WhiteClock "0:00:15"]
[BlackClock "0:00:11"]
[Board "150"]

1. c4 e6 2. Nc3 c6 3. d4 d5 4. e3 Nf6 5. Nf3 Bd6 6. Bd2 O-O 7. Rc1 Re8 8. Qc2 Nbd7 9. h3 e5 10. cxd5 cxd5 11. Nb5 Bb8 12. dxe5 Nxe5 13. Nxe5 Bxe5 14. Nc7 Bxc7 15. Qxc7 Qxc7 16. Rxc7 d4 17. Bb5 Re5 18. Bc4 Be6 19. Bxe6 Rxe6 20. O-O Ne4 21. Rd1 Nxd2 22. Rxd2 dxe3 23. fxe3 h6 24. Rxb7 Rxe3 25. Rdd7 Rf8 26. Rxa7 Re2 27. Rab7 g5 28. a4 h5 29. a5 g4 30. hxg4 hxg4 31. Rd4 f5 32. Rdd7 Rc8 33. Rg7+ Kh8 34. Rh7+ Kg8 35. Rbg7+ Kf8 36. Rh8+ Kxg7 37. Rxc8 Rxb2 38. a6 Ra2 39. Rc6 g3 40. Kf1 Kf7 41. Rb6 f4 42. Rb4 Rxa6 43. Rxf4+ Ke6 44. Ke2 Ra3 45. Re4+ Kf5 46. Re3 Ra2+ 47. Kf3 Kg5 48. Kxg3 Rb2 49. Re5+ Kf6 50. Ra5 Kg6 51. Kh3 Rb8 52. Kg4 Rb4+ 53. Kh3 Rb8 54. g3 Rb4 55. g4 Kh6 56. Kh4 Rb6 57. Rf5 Kg6 58. Rh5 Rb1 59. Rc5 Rh1+ 60. Kg3 Rg1+ 61. Kf3 Rf1+ 62. Ke2 Rf4 63. g5 Rg4 64. Kf3 Rxg5 65. Rxg5+ Kxg5 1/2-1/2


[Site "https://www.chess.com"]

[Event "Titled Tuesday Blitz June 20 Early 2023"]
[White "Rodrigues Mota, Romulo Cardoso S"]
[Black "zano2023"]
[WhiteFideId "2187442"]
[WhiteElo "2001"]
[BlackElo "2165"]
[Result "0-1"]
[Round "10"]
[TimeControl "180+2"]
[Date "2023.06.20"]
[WhiteClock "0:00:03"]
[BlackClock "0:00:50"]
[Board "151"]

1. e4 e5 2. Nf3 d6 3. d4 f5 4. dxe5 fxe4 5. Ng5 d5 6. c4 Bb4+ 7. Bd2 e3 8. Bxb4 exf2+ 9. Kxf2 Qxg5 10. Qxd5 Nc6 11. Bd2 Qg6 12. Bd3 Bf5 13. Bxf5 Qxf5+ 14. Qf3 Qc2 15. Qc3 Qf5+ 16. Qf3 Qe6 17. Re1 Nge7 18. Qh5+ g6 19. Qh4 O-O+ 20. Kg1 Nf5 21. Qe4 Nfd4 22. Bc3 Rad8 23. Nd2 Rf5 24. Nf3 Nxf3+ 25. gxf3 Rdf8 26. Re3 Rf4 27. Qd5 Nd8 28. Rd1 c6 29. Qxe6+ Nxe6 30. Rd6 Ng5 31. e6 Nxf3+ 32. Kg2 Nh4+ 33. Kg3 Nf5+ 34. Kxf4 Nxd6+ 35. Ke5 Nxc4+ 36. Kd4 Nxe3 37. Kxe3 Re8 38. Kd4 Rxe6 0-1


[Site "https://www.chess.com"]

[Event "Titled Tuesday Blitz June 20 Early 2023"]
[White "Nikulina, Alena"]
[Black "Thiel, Thomas"]
[WhiteFideId "4172051"]
[BlackFideId "4615964"]
[WhiteElo "1608"]
[BlackElo "2214"]
[Result "1-0"]
[Round "10"]
[TimeControl "180+2"]
[Date "2023.06.20"]
[WhiteClock "0:00:05"]
[BlackClock "0:00:00"]
[Board "152"]

1. e4 d5 2. exd5 Nf6 3. d4 Nxd5 4. Nf3 g6 5. c4 Nb6 6. Nc3 Bg7 7. Be3 O-O 8. Be2 Bg4 9. b3 Nc6 10. Rc1 Bxf3 11. Bxf3 Nxd4 12. Bxb7 Rb8 13. Bf3 c5 14. O-O e5 15. Nd5 Nxf3+ 16. Qxf3 Rc8 17. Rcd1 f5 18. Qe2 Nxd5 19. Rxd5 Qe7 20. Rfd1 f4 21. Rd7 Qg5 22. Bc1 a6 23. f3 Rcd8 24. Ba3 Rxd7 25. Rxd7 Qf5 26. Qd2 e4 27. fxe4 Qxe4 28. Bxc5 Re8 29. Qd5+ Qxd5 30. Rxd5 Re2 31. a4 Bf6 32. Kf1 Rb2 33. b4 Bc3 34. b5 axb5 35. axb5 Kf7 36. Rd7+ Ke6 37. Re7+ Kf5 38. Rxh7 Ke4 39. Re7+ Kd3 40. b6 Kxc4 41. Bd6 1-0


[Site "https://www.chess.com"]

[Event "Titled Tuesday Blitz June 20 Early 2023"]
[White "le-castor-faineant"]
[Black "Kiseleva, Arina"]
[BlackFideId "4164989"]
[WhiteElo "2147"]
[BlackElo "1701"]
[Result "0-1"]
[Round "10"]
[TimeControl "180+2"]
[Date "2023.06.20"]
[WhiteClock "0:01:56"]
[BlackClock "0:00:18"]
[Board "153"]

1. e4 c6 2. d4 d5 3. Nc3 dxe4 4. Nxe4 Nf6 5. Nxf6+ exf6 6. Nf3 Bd6 7. Bd3 O-O 8. O-O Bg4 9. c3 Bc7 10. h3 Bh5 11. g4 Bg6 12. Bxg6 hxg6 13. Kg2 Qd6 14. Be3 f5 15. gxf5 gxf5 16. Ne5 Nd7 17. Bf4 Nxe5 18. Bxe5 Qg6+ 19. Kh2 Bxe5+ 20. dxe5 Rfe8 21. f4 Rad8 22. Qf3 Rd2+ 23. Rf2 Red8 24. Rg1 Qh6 25. Rgg2 Rd1 26. Rf1 Rxf1 27. Qxf1 Qh5 28. Qg1 g6 29. Qxa7 Rd1 30. e6 fxe6 31. Qb8+ Kf7 32. Qxb7+ Kf6 33. Qxc6 Qh4 34. Qf3 Qe1 35. Qf2 Qh1+ 36. Kg3 Rd3+ 37. Kh4 Qxh3# 0-1


[Site "https://www.chess.com"]

[Event "Titled Tuesday Blitz June 20 Early 2023"]
[White "Politov, Pavel Y."]
[Black "Goughfather"]
[WhiteFideId "24110515"]
[WhiteElo "2066"]
[BlackElo "2018"]
[Result "0-1"]
[Round "10"]
[TimeControl "180+2"]
[Date "2023.06.20"]
[WhiteClock "0:00:00"]
[BlackClock "0:00:38"]
[Board "154"]

1. e4 c6 2. d4 d5 3. exd5 cxd5 4. Bd3 Nf6 5. h3 g6 6. Nf3 Bf5 7. Ne5 Nc6 8. c3 Bg7 9. O-O O-O 10. Re1 Re8 11. Bxf5 gxf5 12. Nd2 Nxe5 13. dxe5 Ne4 14. Nf3 e6 15. Bf4 Qb6 16. Qe2 Rac8 17. Rad1 Qc6 18. Nd4 Qc4 19. Qxc4 Rxc4 20. Bh2 a6 21. Nb3 b6 22. Nd4 Rec8 23. Rc1 b5 24. f3 Bh6 25. Rc2 Rxd4 26. fxe4 Rxe4 27. Rxe4 fxe4 28. Re2 a5 29. Kf1 b4 30. Ke1 bxc3 31. Rc2 Bd2+ 32. Kd1 e3 33. bxc3 Rxc3 34. Rxc3 Bxc3 35. Ke2 d4 36. Bf4 Kf8 37. Kd3 Bb2 0-1


[Site "https://www.chess.com"]

[Event "Titled Tuesday Blitz June 20 Early 2023"]
[White "Alberto, Manuel"]
[Black "Dzhaparov, Medet"]
[WhiteFideId "10100148"]
[BlackFideId "13803689"]
[WhiteElo "2166"]
[BlackElo "1690"]
[Result "1-0"]
[Round "10"]
[TimeControl "180+2"]
[Date "2023.06.20"]
[WhiteClock "0:01:52"]
[BlackClock "0:01:23"]
[Board "155"]

1. e4 c5 2. Nf3 d6 3. d4 cxd4 4. Qxd4 Nc6 5. Bb5 Bd7 6. Bxc6 Bxc6 7. Nc3 Nf6 8. Bg5 h6 9. Bxf6 gxf6 10. O-O-O a5 11. a3 b5 12. Nd5 Rb8 13. Qc3 Bxd5 14. exd5 b4 15. axb4 axb4 16. Qc6+ Qd7 17. Nd4 h5 18. Rhe1 Bh6+ 19. Kb1 Rg8 20. Nf5 Bf4 21. g3 Be5 22. f4 Bxb2 23. Rxe7+ 1-0


[Site "https://www.chess.com"]

[Event "Titled Tuesday Blitz June 20 Early 2023"]
[White "Better_Chess_Faster"]
[Black "Maluco_do_Natal_00"]
[WhiteElo "2000"]
[BlackElo "2092"]
[Result "1-0"]
[Round "10"]
[TimeControl "180+2"]
[Date "2023.06.20"]
[WhiteClock "0:00:17"]
[BlackClock "0:00:00"]
[Board "156"]

1. e4 c5 2. Nf3 Nc6 3. d4 cxd4 4. Nxd4 Nf6 5. Nc3 e5 6. Ndb5 d6 7. Bg5 a6 8. Bxf6 gxf6 9. Na3 b5 10. Nd5 Bg7 11. Bd3 Be6 12. Nxb5 axb5 13. Bxb5 Bd7 14. O-O O-O 15. c3 Rb8 16. a4 Ne7 17. c4 Nxd5 18. Qxd5 Be6 19. Qd3 Qc7 20. Rfd1 Rfd8 21. b4 Qc8 22. a5 f5 23. f3 fxe4 24. fxe4 Bd7 25. Bxd7 Rxd7 26. b5 Qc5+ 27. Kh1 Rc7 28. Ra4 Bf8 29. h3 Ra7 30. Qd5 Qc8 31. a6 Rb6 32. Rc1 Qc7 33. Ra2 Qc5 34. Rd2 Rxb5 35. cxb5 Qxc1+ 36. Kh2 Qc7 37. Qd3 Qb6 38. Rc2 d5 39. Qxd5 Bd6 40. Rc6 Qd8 41. Rxd6 1-0


[Site "https://www.chess.com"]

[Event "Titled Tuesday Blitz June 20 Early 2023"]
[White "Rodriguez, Santiago"]
[Black "Lohani, Sujana"]
[WhiteFideId "3000591"]
[BlackFideId "12311987"]
[WhiteElo "2249"]
[BlackElo "1718"]
[Result "1-0"]
[Round "10"]
[TimeControl "180+2"]
[Date "2023.06.20"]
[WhiteClock "0:02:32"]
[BlackClock "0:00:00"]
[Board "157"]

1. d4 g6 2. Nc3 Bg7 3. e4 d6 4. Be3 Nf6 5. h4 h5 6. Nh3 Ng4 7. Bg5 O-O 8. f3 Nf6 9. Qd2 Kh7 10. O-O-O b5 11. Bd3 b4 12. Ne2 a5 13. Nhf4 c5 14. e5 dxe5 15. dxe5 Ng8 16. e6 Qc7 17. exf7 Bf5 18. Bxf5 gxf5 19. Ne6 Qe5 20. Nxf8+ Kh8 21. Ng6+ Kh7 22. Nxe5 Bxe5 23. f8=Q 1-0


[Site "https://www.chess.com"]

[Event "Titled Tuesday Blitz June 20 Early 2023"]
[White "Calderin Gonzalez, Roberto"]
[Black "Vargas, Mauricio"]
[WhiteFideId "5102979"]
[BlackFideId "4404572"]
[WhiteElo "2111"]
[BlackElo "1986"]
[Result "1-0"]
[Round "10"]
[TimeControl "180+2"]
[Date "2023.06.20"]
[WhiteClock "0:01:53"]
[BlackClock "0:00:00"]
[Board "158"]

1. e4 c5 2. Nc3 d6 3. g3 a6 4. a4 Nc6 5. Bg2 g6 6. Nge2 Bg7 7. O-O Nf6 8. d3 O-O 9. h3 Nd7 10. f4 e5 11. f5 gxf5 12. exf5 Nd4 13. g4 Kh8 14. Ng3 Rg8 15. Nce4 Nf6 16. Bg5 h6 17. Bh4 d5 18. Nxc5 Qd6 19. Nb3 Nxb3 20. cxb3 Bd7 21. Re1 Bc6 22. Qd2 Rac8 23. Rac1 Rge8 24. Bxf6 Bxf6 25. Qxh6+ Kg8 26. Nh5 Qe7 27. Nxf6+ 1-0


[Site "https://www.chess.com"]

[Event "Titled Tuesday Blitz June 20 Early 2023"]
[White "Pranav, V"]
[Black "Kamsky, Gata"]
[WhiteFideId "25060783"]
[BlackFideId "2000024"]
[WhiteElo "2533"]
[BlackElo "2660"]
[Result "1/2-1/2"]
[Round "11"]
[TimeControl "180+2"]
[Date "2023.06.20"]
[WhiteClock "0:00:03"]
[BlackClock "0:00:04"]
[Board "1"]

1. e4 c5 2. Nf3 e6 3. d4 cxd4 4. Nxd4 Nc6 5. Nc3 Qc7 6. Be2 Nf6 7. O-O a6 8. Be3 Bb4 9. Na4 Be7 10. c4 d6 11. Nc3 O-O 12. Rc1 Ne5 13. b3 b6 14. f4 Ned7 15. Bf3 Bb7 16. g4 Nc5 17. Qc2 e5 18. fxe5 dxe5 19. Nf5 g6 20. Nh6+ Kg7 21. g5 Ng8 22. Nd5 Bxd5 23. cxd5 a5 24. a3 Qd8 25. Nxg8 Kxg8 26. h4 h6 27. gxh6 Bxh4 28. Qh2 Kh7 29. Qxe5 Bf6 30. Qg3 Re8 31. Bg2 Ra7 32. Rc4 Be5 33. Qh3 Nxb3 34. Qf3 Nc5 35. Rb1 Qd6 36. Rc2 Rc7 37. Rf1 f6 38. Rfc1 Qd7 39. Bh3 Qa4 40. Bxc5 bxc5 41. Rc4 Qb5 42. a4 Qb2 43. R1c2 Qa1+ 44. Rc1 Qb2 45. R1c2 Qb8 46. Bf1 Rb7 47. Kg2 Rb2 48. Rxc5 Rxc2+ 49. Rxc2 Kxh6 50. Bb5 Rh8 51. Rc6 Kg5 52. Qe3+ Bf4 53. Qb6 Rh2+ 54. Kg1 Qe5 55. Bf1 Rb2 56. Qc5 Bh2+ 57. Kh1 Bf4 58. Qg1+ Bg3 59. Qe3+ Bf4 60. Qg1+ Bg3 61. Qe3+ Bf4 62. Qg1+ 1/2-1/2


[Site "https://www.chess.com"]

[Event "Titled Tuesday Blitz June 20 Early 2023"]
[White "Vachier-Lagrave, Maxime"]
[Black "Grischuk, Alexander"]
[WhiteFideId "623539"]
[BlackFideId "4126025"]
[WhiteElo "2739"]
[BlackElo "2721"]
[Result "1-0"]
[Round "11"]
[TimeControl "180+2"]
[Date "2023.06.20"]
[WhiteClock "0:01:28"]
[BlackClock "0:00:06"]
[Board "2"]

1. e4 e6 2. d4 d5 3. Nc3 Nf6 4. Bg5 dxe4 5. Nxe4 Be7 6. Bxf6 gxf6 7. Nf3 f5 8. Nc3 a6 9. Qd2 b5 10. O-O-O Bb7 11. Qe3 b4 12. Na4 Bd5 13. Kb1 Nd7 14. Be2 c6 15. Rhe1 Qa5 16. b3 Nb6 17. Nxb6 Qxb6 18. Ne5 Rf8 19. g4 fxg4 20. Bxg4 O-O-O 21. Qh3 f5 22. Bf3 Bf6 23. Bxd5 cxd5 24. Qxh7 Qc7 25. Qh6 Qg7 26. Qd2 a5 27. c3 Bxe5 28. Rxe5 bxc3 29. Qxc3+ Kd7 30. Qxa5 Rc8 31. Qb5+ Rc6 32. Rxe6 1-0


[Site "https://www.chess.com"]

[Event "Titled Tuesday Blitz June 20 Early 2023"]
[White "Oparin, Grigoriy"]
[Black "Kramnik, Vladimir"]
[WhiteFideId "24125890"]
[BlackFideId "4101588"]
[WhiteElo "2647"]
[BlackElo "2703"]
[Result "1-0"]
[Round "11"]
[TimeControl "180+2"]
[Date "2023.06.20"]
[WhiteClock "0:00:04"]
[BlackClock "0:00:00"]
[Board "3"]

1. c4 c5 2. Nf3 Nf6 3. Nc3 e6 4. g3 b6 5. e4 Bb7 6. d3 d6 7. Bg2 Be7 8. O-O O-O 9. Re1 Nc6 10. d4 Nxd4 11. Nxd4 cxd4 12. Qxd4 Qc7 13. b3 Rfd8 14. Bb2 Rac8 15. Rad1 Qb8 16. h3 Bf8 17. Qe3 Nd7 18. Re2 a6 19. Red2 Ba8 20. Ne2 b5 21. cxb5 axb5 22. Nf4 b4 23. Nh5 e5 24. g4 g6 25. Ng3 Rc5 26. g5 Qc7 27. h4 Be7 28. Bh3 Nf8 29. f4 Rc3 30. Bxc3 bxc3 31. Rc2 exf4 32. Qxf4 Qc5+ 33. Qf2 Qe5 34. Rf1 Kh8 35. Qe3 d5 36. Qxc3 d4 37. Qd3 Ne6 38. Bxe6 Qxe6 39. Rcf2 Kg8 40. Rxf7 Bd6 41. Qxd4 Qe5 42. Qxe5 Bxe5 43. R7f3 Bc6 44. Kg2 Rd2+ 45. R1f2 Rd8 46. Re2 Bb5 47. Rc2 Bd7 48. Rd3 Bh3+ 49. Kxh3 Rxd3 50. Rg2 Rc3 51. Kg4 Re3 52. b4 Ra3 53. b5 Ra5 54. Nf1 Rxb5 55. Ne3 Rb4 56. Kf3 Ra4 57. Nd5 Ra3+ 58. Kg4 Ra4 59. Re2 1-0


[Site "https://www.chess.com"]

[Event "Titled Tuesday Blitz June 20 Early 2023"]
[White "Puranik, Abhimanyu"]
[Black "Nakamura, Hikaru"]
[WhiteFideId "5061245"]
[BlackFideId "2016192"]
[WhiteElo "2460"]
[BlackElo "2874"]
[Result "0-1"]
[Round "11"]
[TimeControl "180+2"]
[Date "2023.06.20"]
[WhiteClock "0:00:00"]
[BlackClock "0:00:07"]
[Board "4"]

1. e4 g6 2. d4 Bg7 3. Nc3 d6 4. Be3 a6 5. Bd3 b5 6. Nf3 Bb7 7. a4 b4 8. Ne2 Nd7 9. Ng3 c5 10. c3 bxc3 11. bxc3 Ngf6 12. h3 Qa5 13. Bd2 O-O 14. O-O c4 15. Bxc4 Nxe4 16. Nxe4 Bxe4 17. Ng5 Bd5 18. Bd3 Qc7 19. Qe2 Nb6 20. Rfe1 e6 21. h4 Nc4 22. Bf4 e5 23. dxe5 dxe5 24. Bg3 Rfe8 25. h5 h6 26. Nf3 Qc6 27. hxg6 fxg6 28. Be4 Bxe4 29. Qxe4 Rac8 30. Rad1 Nb2 31. Rd5 Nxa4 32. Nxe5 Nxc3 33. Nxc6 Nxe4 34. Be5 Nxf2 35. Rd7 Bxe5 36. Rxe5 Rxe5 37. Nxe5 Ne4 38. Nxg6 Ra8 39. Ne7+ Kf7 40. Nc6+ Kf6 41. Rh7 Kg6 42. Re7 Nf6 43. Re6 a5 44. Re3 a4 45. Ra3 Ne4 46. Ne5+ Kf5 47. Nc4 Nc5 48. Kf2 Ke4 49. Ke2 Kd4 50. Ne3 Re8 51. Kf3 Rf8+ 52. Ke2 h5 53. g3 Rb8 54. Nf5+ Ke5 55. Ne3 Rb2+ 56. Kf3 Rb3 57. Ra2 Kd4 58. Ke2 Rxe3+ 0-1


[Site "https://www.chess.com"]

[Event "Titled Tuesday Blitz June 20 Early 2023"]
[White "Martinez Alcantara, Jose Eduardo"]
[Black "Jones, Gawain C B"]
[WhiteFideId "3805662"]
[BlackFideId "409561"]
[WhiteElo "2711"]
[BlackElo "2645"]
[Result "0-1"]
[Round "11"]
[TimeControl "180+2"]
[Date "2023.06.20"]
[WhiteClock "0:00:49"]
[BlackClock "0:00:10"]
[Board "5"]

1. e4 e5 2. Nf3 Nc6 3. Bb5 a6 4. Ba4 Nf6 5. d3 d6 6. c3 g6 7. h3 Bg7 8. Be3 O-O 9. Nbd2 Nd7 10. d4 f5 11. Bb3+ Kh8 12. exf5 gxf5 13. Ng5 f4 14. Nxh7 fxe3 15. Qh5 exd2+ 16. Kd1 Qe8 17. Qh4 Rf4 18. g4 Qg6 19. Nf6+ Qh6 20. Nh5 Nf6 21. Nxf4 exf4 22. Qxh6+ Bxh6 23. f3 Na5 24. Kxd2 Nxb3+ 25. axb3 Be6 26. Rae1 Bxb3 27. Re7 Nd5 28. Rd7 Ba4 29. Rf7 Be8 30. Rf5 Ne3 31. Rf6 Kg7 32. Re6 Bg5 33. h4 Bf7 34. Re4 Rh8 35. b3 Bd5 36. hxg5 Rxh1 37. Re7+ Kg6 38. Rxc7 Bxf3 39. c4 Rd1+ 40. Kc3 Nd5+ 41. cxd5 Rc1+ 42. Kd3 Rxc7 43. b4 Bxg4 44. b5 Bf5+ 45. Ke2 axb5 46. Kf3 b4 47. Kxf4 b3 48. Kg3 Rc4 49. Kf3 Rxd4 50. Ke3 Rc4 51. Kf3 b2 52. Kg3 b1=Q 53. Kh2 Qb3 54. Kg2 Rc2+ 55. Kg1 Qb1# 0-1


[Site "https://www.chess.com"]

[Event "Titled Tuesday Blitz June 20 Early 2023"]
[White "Andreikin, Dmitry"]
[Black "Makarian, Rudik"]
[WhiteFideId "4158814"]
[BlackFideId "44105681"]
[WhiteElo "2736"]
[BlackElo "2451"]
[Result "1-0"]
[Round "11"]
[TimeControl "180+2"]
[Date "2023.06.20"]
[WhiteClock "0:00:09"]
[BlackClock "0:00:04"]
[Board "6"]

1. e4 c5 2. Nc3 Nc6 3. Bb5 Nd4 4. Nf3 e6 5. O-O Nxb5 6. Nxb5 a6 7. Nc3 Ne7 8. d4 cxd4 9. Nxd4 Nc6 10. Nxc6 bxc6 11. e5 Be7 12. Ne4 O-O 13. Qh5 Rb8 14. b3 c5 15. Bg5 Bb7 16. Bxe7 Qxe7 17. Nd6 Bc6 18. Rad1 f5 19. Rd3 f4 20. Rfd1 c4 21. Rh3 g6 22. Qh6 cxb3 23. axb3 Qg7 24. Qg5 a5 25. Rh6 a4 26. bxa4 Bxa4 27. Ne4 Rf5 28. Nf6+ Qxf6 29. Qxf6 Rxf6 30. exf6 Bxc2 31. Rc1 Bf5 32. f3 Rf8 33. Rc7 e5 34. Rc5 d6 35. Rc7 Rf7 36. Rxf7 Kxf7 37. Rxh7+ Kxf6 38. g4 fxg3 39. hxg3 g5 40. Rh6+ Bg6 41. Kf2 d5 42. Rh8 d4 43. Rf8+ Ke6 44. Rg8 Kf6 45. Rd8 Bf7 46. Rd6+ Be6 47. Rb6 Ke7 48. Rb5 Kf6 49. Ra5 Bd7 50. Ke2 Bf5 51. Ra6+ Kf7 52. Rb6 Bg6 53. Kd2 Bf5 54. Rb5 Kf6 55. Rb8 Ke6 56. g4 Bg6 57. Rg8 Kf6 58. Rb8 e4 59. Rb6+ Kf7 60. fxe4 Bxe4 61. Rb4 Kf6 62. Rxd4 Bb1 63. Rd5 Ba2 64. Rd4 Be6 65. Ke3 Ke5 66. Re4+ Kf6 67. Ra4 Ke5 68. Ra5+ Kf6 69. Kf3 Bd7 70. Ra6+ Ke5 71. Rg6 Be6 72. Rxg5+ Kf6 73. Kf4 Bf7 74. Rf5+ Kg6 75. Rxf7 Kxf7 76. Kf5 1-0


[Site "https://www.chess.com"]

[Event "Titled Tuesday Blitz June 20 Early 2023"]
[White "Gurel, Ediz"]
[Black "Kollars, Dmitrij"]
[WhiteFideId "44507356"]
[BlackFideId "12909572"]
[WhiteElo "2352"]
[BlackElo "2584"]
[Result "0-1"]
[Round "11"]
[TimeControl "180+2"]
[Date "2023.06.20"]
[WhiteClock "0:00:05"]
[BlackClock "0:00:11"]
[Board "7"]

1. e4 e5 2. Nf3 Nc6 3. Bb5 a6 4. Bxc6 dxc6 5. O-O Qf6 6. d4 exd4 7. Bg5 Qd6 8. Nxd4 Be7 9. Bxe7 Nxe7 10. Nc3 Bd7 11. Nb3 O-O-O 12. Qf3 Ng6 13. Rad1 Qe7 14. Qe3 Kb8 15. Nc5 Bc8 16. Nd3 Rhe8 17. Rfe1 b6 18. b4 Qf6 19. Na4 Qd4 20. Qg3 h5 21. h3 Rxe4 22. Rxe4 Qxe4 23. Nxb6 h4 24. Qh2 Nf4 25. Nxc8 Kxc8 26. Kh1 Qe2 27. Qxf4 Qxd1+ 28. Kh2 Qxc2 29. Nc5 Qg6 30. Qc4 Rd5 31. Qxa6+ Kd8 32. Nb7+ Ke7 33. Qc4 Qf6 34. f4 g5 35. Qe4+ Kf8 36. fxg5 Qxg5 37. Nc5 Qg3+ 0-1


[Site "https://www.chess.com"]

[Event "Titled Tuesday Blitz June 20 Early 2023"]
[White "Indjic, Aleksandar"]
[Black "Carlsen, Magnus"]
[WhiteFideId "911925"]
[BlackFideId "1503014"]
[WhiteElo "2614"]
[BlackElo "2858"]
[Result "0-1"]
[Round "11"]
[TimeControl "180+2"]
[Date "2023.06.20"]
[WhiteClock "0:00:04"]
[BlackClock "0:01:28"]
[Board "8"]

1. d4 Nf6 2. c4 e6 3. Nc3 Bb4 4. Qc2 d5 5. cxd5 exd5 6. Bg5 h6 7. Bh4 Nc6 8. e3 g5 9. Bg3 h5 10. Bd3 h4 11. Be5 Nxe5 12. dxe5 Nd7 13. a3 Ba5 14. f4 Bb6 15. Nf3 c6 16. Nxg5 Nxe5 17. O-O Ng4 18. Kh1 Nxe3 19. Rae1 Kf8 20. Rxe3 Bxe3 21. Ne2 Qf6 22. Rf3 Bb6 23. Nc3 Bg4 24. Rf1 Re8 25. Na4 Bd4 26. Nc5 Re7 27. b4 h3 28. gxh3 Bxh3 29. Nxh3 Rxh3 30. Qg2 Rhe3 31. Rg1 Qg7 32. Qf2 Qxg1+ 33. Qxg1 Re1 0-1


[Site "https://www.chess.com"]

[Event "Titled Tuesday Blitz June 20 Early 2023"]
[White "Paravyan, David"]
[Black "Zhigalko, Sergei"]
[WhiteFideId "4194985"]
[BlackFideId "13502956"]
[WhiteElo "2563"]
[BlackElo "2626"]
[Result "1-0"]
[Round "11"]
[TimeControl "180+2"]
[Date "2023.06.20"]
[WhiteClock "0:01:10"]
[BlackClock "0:00:02"]
[Board "9"]

1. e4 c5 2. Nf3 d6 3. d4 cxd4 4. Nxd4 Nf6 5. Nc3 a6 6. Bg5 Nbd7 7. a3 e6 8. Bc4 Qa5 9. Qd2 Be7 10. O-O-O h6 11. Be3 Ng4 12. Bxe6 fxe6 13. Nxe6 Kf7 14. Nxg7 Kxg7 15. Bd4+ Bf6 16. h3 Nge5 17. f4 Nc4 18. Qe2 Nxa3 19. Nd5 Bxd4 20. Rxd4 Nb5 21. Qg4+ Kh7 22. Qf5+ Kg7 23. Rd3 Rg8 24. Rg3+ Kh8 25. Rxg8+ Kxg8 26. Qg6+ Kf8 27. Qxh6+ Kf7 28. Qh7+ Kf8 29. Qf5+ Kg7 30. Qg5+ Kf7 31. f5 Qa1+ 32. Kd2 Qxh1 33. Qg6+ Kf8 34. f6 Nxf6 35. Qxf6+ Kg8 36. Ne7+ Kh7 37. Qg6+ Kh8 38. Qh6# 1-0


[Site "https://www.chess.com"]

[Event "Titled Tuesday Blitz June 20 Early 2023"]
[White "Lazavik, Denis"]
[Black "Pap, Gyula"]
[WhiteFideId "13515110"]
[BlackFideId "725323"]
[WhiteElo "2560"]
[BlackElo "2519"]
[Result "1-0"]
[Round "11"]
[TimeControl "180+2"]
[Date "2023.06.20"]
[WhiteClock "0:00:08"]
[BlackClock "0:00:00"]
[Board "10"]

1. d4 d5 2. c4 e6 3. Nc3 Nf6 4. cxd5 exd5 5. Bg5 Bb4 6. e3 h6 7. Bh4 g5 8. Bg3 Ne4 9. a3 Bxc3+ 10. bxc3 Nc6 11. Bd3 Bf5 12. Ne2 Qd7 13. h3 Nxg3 14. Nxg3 Bxd3 15. Qxd3 Na5 16. O-O O-O-O 17. Rab1 Nc4 18. e4 c6 19. a4 h5 20. exd5 cxd5 21. Nf5 Kb8 22. Rb4 Rc8 23. Rfb1 Rc7 24. Ne3 Nxe3 25. Qxe3 f6 26. a5 Qd6 27. Rb5 Rhc8 28. R5b3 g4 29. h4 Ka8 30. Qd3 Qe6 31. g3 Qe4 32. Qb5 f5 33. R1b2 f4 34. Re2 Qf3 35. Re8 Qd1+ 36. Kg2 Qf3+ 37. Kg1 Qd1+ 38. Kh2 fxg3+ 39. fxg3 Qc2+ 40. Re2 Qf5 41. a6 b6 42. c4 Qd7 43. cxd5 Qxb5 44. Rxb5 Rd7 45. d6 Rxd6 46. Rxh5 Rxd4 47. Rg5 Ra4 48. h5 Rh8 49. Ree5 Rxa6 50. Rxg4 Ra2+ 51. Kh3 Rc2 52. Rg6 Kb7 53. h6 a5 54. Ree6 Rb2 55. g4 a4 56. Re7+ Ka6 57. g5 a3 58. Rgg7 a2 59. Ra7+ Kb5 60. Kg4 Kb4 61. Kh5 b5 62. Rgb7 Kc4 63. Rc7+ Kb3 64. h7 b4 65. g6 Rh2+ 66. Kg5 Kb2 67. Rcb7 b3 68. Rb6 Kc2 69. Rc7+ Kb2 70. Ra7 Kc2 71. Ra3 Rg2+ 72. Kh6 Rh2+ 73. Kg7 R2xh7+ 74. gxh7 Rxh7+ 75. Kxh7 1-0


[Site "https://www.chess.com"]

[Event "Titled Tuesday Blitz June 20 Early 2023"]
[White "Gordievsky, Dmitry"]
[Black "Durarbayli, Vasif"]
[WhiteFideId "24112798"]
[BlackFideId "13402935"]
[WhiteElo "2546"]
[BlackElo "2551"]
[Result "0-1"]
[Round "11"]
[TimeControl "180+2"]
[Date "2023.06.20"]
[WhiteClock "0:00:04"]
[BlackClock "0:01:30"]
[Board "11"]

1. Nf3 d5 2. g3 g6 3. Bg2 Bg7 4. d4 c6 5. O-O Nd7 6. c4 dxc4 7. a4 e5 8. Na3 exd4 9. Nxc4 Nb6 10. Bg5 Ne7 11. Rc1 O-O 12. Qd2 Be6 13. Na5 Qd7 14. Bh6 Bxh6 15. Qxh6 Nf5 16. Qf4 Rad8 17. Rfd1 Nd5 18. Qd2 c5 19. Ne5 Qc7 20. Nac4 b6 21. Nd3 Rfe8 22. b4 Nc3 23. Rxc3 dxc3 24. Qxc3 cxb4 0-1


[Site "https://www.chess.com"]

[Event "Titled Tuesday Blitz June 20 Early 2023"]
[White "Narayanan.S.L"]
[Black "Bacrot, Etienne"]
[WhiteFideId "5058422"]
[BlackFideId "605506"]
[WhiteElo "2563"]
[BlackElo "2672"]
[Result "1-0"]
[Round "11"]
[TimeControl "180+2"]
[Date "2023.06.20"]
[WhiteClock "0:00:41"]
[BlackClock "0:00:03"]
[Board "12"]

1. Nf3 c5 2. g3 Nc6 3. Bg2 e5 4. O-O d5 5. d3 Nge7 6. e4 d4 7. a4 h6 8. Na3 g5 9. Nc4 Bg7 10. Kh1 Be6 11. Nfd2 Qd7 12. a5 Ng6 13. Nb3 Qe7 14. Bf3 O-O 15. Bg4 f5 16. exf5 Bxf5 17. Bxf5 Rxf5 18. Qe2 Raf8 19. Bd2 Nb8 20. Rae1 Kh7 21. f3 R5f7 22. Kg2 Nd7 23. Bc1 b5 24. axb6 axb6 25. Ncd2 Nf6 26. Ne4 Nd5 27. c4 dxc3 28. bxc3 Qd7 29. c4 Nb4 30. Rd1 Nc6 31. Be3 Rd8 32. Rd2 Nge7 33. Rb1 Kg8 34. Na1 Nf5 35. Nc2 Qc7 36. Bf2 Rdf8 37. Rdd1 Nd6 38. Ne1 g4 39. Nxd6 gxf3+ 40. Nxf3 Rxf3 41. Ne4 Qf7 42. Rf1 Nd4 43. Bxd4 Rxf1 44. Rxf1 Qxf1+ 45. Qxf1 Rxf1 46. Kxf1 exd4 47. Ke2 Kf7 48. Kf3 Ke6 49. h4 Ke5 50. g4 Bf8 51. g5 hxg5 52. Nxg5 Be7 53. Kg4 Bd8 54. Nf7+ 1-0


[Site "https://www.chess.com"]

[Event "Titled Tuesday Blitz June 20 Early 2023"]
[White "Hakobyan, Aram"]
[Black "Lagarde, Maxime"]
[WhiteFideId "13306677"]
[BlackFideId "662399"]
[WhiteElo "2584"]
[BlackElo "2571"]
[Result "1-0"]
[Round "11"]
[TimeControl "180+2"]
[Date "2023.06.20"]
[WhiteClock "0:00:11"]
[BlackClock "0:00:27"]
[Board "13"]

1. e4 Nc6 2. Nc3 Nf6 3. Nf3 d5 4. e5 Ne4 5. d4 Bg4 6. Ne2 e6 7. c3 Be7 8. Nfg1 Bxe2 9. Bxe2 f5 10. Nh3 O-O 11. O-O Ng5 12. Nxg5 Bxg5 13. f4 Be7 14. g4 Qd7 15. g5 Nd8 16. b4 b6 17. Be3 c5 18. b5 c4 19. a4 a5 20. Rf2 Nf7 21. Qf1 g6 22. Qg2 Kg7 23. h4 Rh8 24. h5 Rag8 25. Rf3 Kf8 26. Rg3 Ke8 27. Kf2 Kd8 28. Rh1 Kc7 29. Rgh3 Qe8 30. Qh2 Bd8 31. Qg2 Be7 32. R1h2 Kb8 33. Qh1 Kc7 34. Bf3 Qd8 35. Ke1 Kb8 36. Bc1 Kc7 37. Be2 Qe8 38. Kd1 Kb8 39. Bf3 Qd8 40. Qf1 Kc7 41. Qe1 Kb8 42. Qd2 Kc7 43. Qa2 Qf8 44. Rh1 Kb8 45. Qg2 Qd8 46. Kc2 Kc7 47. R1h2 Kb8 48. Kb1 Kc7 49. Bb2 Kb8 50. Ka2 Kc7 51. hxg6 hxg6 52. Rh7 Qf8 53. Bxd5 Rxh7 54. Rxh7 exd5 55. Qxd5 Nd8 56. Ba3 Rg7 57. Bd6+ Kd7 58. e6+ Nxe6 59. Be5+ Bd6 60. Qc6+ Kd8 61. Bxd6 Rxh7 62. Bxf8 Nxf8 63. Qxb6+ Ke7 64. Qc5+ Kf7 65. Qxc4+ Ke7 66. b6 Nd7 67. b7 Rh8 68. Qc7 Rb8 69. c4 1-0


[Site "https://www.chess.com"]